AoeStats
← u.rubiomartin

Team Islands

503671348Analyzed
4v4 RM · 1mo ago on Sep 1, 2026· 93m 18s· 8 players
Game mode
Random Map
Map size
242×242
Population
200
Speed
Normal
Resources
Standard
Victory
Conquest
Starting age
Dark Age
Ending age
Imperial Age
RankedLock teamsTeams togetherTeam positionsShared explorationLock speedFull tech treeHidden civsTurbo modeCheats
Victory
Defeat
🇺🇸 Armenians · United States
701
+18
🇮🇹 Japanese · Italy
684
+19
🇩🇪 Vikings · Germany
671
+19
🇨🇳 Persians · China
643
+21
🇪🇸 Goths · Spain
794
-21
🇪🇸 Khitans · Spain
783
-21
🇪🇸 Franks · Spain
737
-19
🇪🇸 Malians · Spain
670
-16
Scanderbeg^ReX¬ALBANIE
19:36 Feudal Age
20:21 Double-Bit Axe
20:25 Horse Collar
20:41 Gold Mining
20:42 Stone Mining
20:47 Fishing Lines
24:46 Castle Age
26:09 Bow Saw
26:38 Gold Shaft Mining
26:05 Heavy Plow
27:16 Caravan
27:22 Gillnets
31:27 Treadmill Crane
32:08 Ballistics
35:03 Imperial Age
32:42 Chieftains
33:20 Clinker Construction
33:21 Careening
33:18 Siphons
33:13 Town Watch
33:03 Pikeman
33:43 Squires
33:52 Fletching
34:17 Forging
34:09 Scale Mail Armor
34:45 Bodkin Arrow
36:17 Crop Rotation
36:48 Two-Man Saw
35:26 Elite Longship
36:54 Bracer
37:22 Loom
38:17 Town Patrol
40:21 Iron Casting
40:01 Chain Mail Armor
39:47 Padded Archer Armor
40:31 Conscription
41:13 Bogsveigar
42:13 Carvel Hull
42:14 Dry Dock
44:06 Elite Berserk
46:18 Blast Furnace
47:31 Plate Mail Armor
49:03 Leather Archer Armor
48:47 Man-at-Arms
49:25 Long Swordsman
49:50 Gambesons
49:51 Arson
51:13 Coinage
52:39 Banking
52:22 Two-Handed Swordsman
53:01 Champion
80:59 Scale Barding Armor
81:25 Ring Archer Armor
82:40 Cavalier
83:50 Chain Barding Armor
92:32 Heavy Scorpion
94:32 Chemistry
93:39 Siege Engineers
93:51 Masonry
F o r k B e a r d
8:56 Loom
12:08 Feudal Age
17:21 Castle Age
15:22 Double-Bit Axe
16:12 Horse Collar
17:11 Wheelbarrow
19:05 Bow Saw
23:45 Fishing Lines
25:16 Heavy Plow
28:41 Fortified Wall
28:32 Murder Holes
32:25 Imperial Age
31:55 Hand Cart
31:28 Town Watch
32:02 Caravan
35:03 Medium Warships
35:20 Ballistics
36:02 Chemistry
35:13 Fortified Wall
36:30 Hoardings
36:16 Conscription
39:22 Town Patrol
39:26 Stone Mining
39:27 Gold Mining
39:56 Cilician Fleet
40:27 Heavy Warships
41:34 Guard Tower
42:16 Scale Barding Armor
42:11 Scale Mail Armor
42:22 Forging
42:02 Fletching
42:13 Padded Archer Armor
41:36 Elite Composite Bowman
42:24 Fereters
43:35 Bombard Tower
43:07 Heated Shot
44:12 Gold Shaft Mining
44:14 Coinage
43:55 Guilds
46:35 Masonry
46:52 Chain Barding Armor
46:47 Chain Mail Armor
47:08 Iron Casting
46:28 Bodkin Arrow
46:48 Leather Archer Armor
46:40 Cavalier
47:31 Bloodlines
47:22 Husbandry
48:34 Banking
47:47 Light Cavalry
51:04 Blast Furnace
51:39 Fortified Wall
53:11 Plate Mail Armor
73:05 Ring Archer Armor
72:35 Bracer
76:41 Siphons
76:47 Clinker Construction
76:47 Careening
78:52 Incendiaries
79:04 Carvel Hull
90:07 Sappers
91:02 Dry Dock
filippo.nunnari
0:42 Loom
14:00 Feudal Age
14:30 Town Watch
14:33 Double-Bit Axe
14:40 Gold Mining
17:14 Wheelbarrow
17:03 Horse Collar
18:42 Stone Mining
21:22 Fishing Lines
26:50 Castle Age
25:27 Padded Archer Armor
25:17 Fletching
25:39 Forging
25:46 Scale Mail Armor
27:41 Heavy Plow
27:57 Bow Saw
28:33 Gold Shaft Mining
28:31 Coinage
28:47 Hand Cart
29:06 Gillnets
29:40 Medium Warships
30:08 Leather Archer Armor
30:33 Caravan
32:09 Bodkin Arrow
32:49 Iron Casting
32:30 Chain Mail Armor
33:18 Town Patrol
39:43 Imperial Age
37:36 Ballistics
37:12 Murder Holes
37:29 Masonry
38:12 Gambesons
38:29 Squires
38:16 Arson
37:54 Man-at-Arms
38:04 Pikeman
39:19 Long Swordsman
41:26 Chemistry
40:31 Siege Engineers
41:31 Two-Man Saw
40:44 Bracer
41:15 Ring Archer Armor
41:32 Ring Archer Armor
42:18 Banking
43:29 Blast Furnace
43:08 Plate Mail Armor
45:57 Conscription
45:02 Two-Handed Swordsman
47:06 Kataparuto
47:13 Thumb Ring
47:21 Crossbowman
47:25 Elite Skirmisher
47:46 Halberdier
48:42 Elite Cannon Galleon
49:54 Heavy Warships
49:50 Champion
51:37 Demolition Ship
52:43 Arbalester
53:35 Scale Barding Armor
58:26 Chain Barding Armor
64:37 Hoardings
64:42 Elite Samurai
小鱼鱼鱼
9:00 Loom
12:35 Feudal Age
13:09 Double-Bit Axe
17:40 Castle Age
16:05 Gold Mining
16:28 Horse Collar
17:48 Stone Mining
19:18 Bow Saw
23:52 Wheelbarrow
23:03 Town Watch
23:57 Heavy Plow
26:44 Hand Cart
29:41 Fervor
29:27 Herbal Medicine
29:36 Town Patrol
32:22 Fishing Lines
37:14 Imperial Age
36:26 Gillnets
35:58 Demolition Ship
36:48 Medium Warships
37:34 Pikeman
38:14 Squires
38:00 Arson
38:48 Conscription
38:56 Conscription
38:55 Citadels
39:21 Hoardings
40:55 Husbandry
41:06 Bloodlines
40:17 Cavalier
41:45 Forging
41:40 Scale Barding Armor
42:51 Gold Shaft Mining
42:51 Stone Shaft Mining
43:20 Chemistry
42:41 Ballistics
42:17 Murder Holes
42:33 Masonry
42:29 Savar
45:02 Iron Casting
44:48 Chain Barding Armor
44:29 Scale Mail Armor
46:06 Crop Rotation
46:55 Blast Furnace
46:41 Plate Barding Armor
46:22 Chain Mail Armor
48:07 Two-Man Saw
50:02 Plate Mail Armor
50:39 Elite War Elephant
55:18 Elite Cannon Galleon
60:14 Heavy Warships
59:10 Heavy Demolition Ship
Powa
11:59 Feudal Age
13:31 Double-Bit Axe
15:47 Wheelbarrow
18:51 Castle Age
20:55 Scale Mail Armor
21:07 Forging
25:22 Horse Collar
25:53 Bow Saw
25:37 Gold Mining
25:45 Town Watch
26:15 Hand Cart
25:48 Loom
32:40 Squires
34:28 Caravan
34:49 Chain Mail Armor
35:10 Iron Casting
35:53 Stone Mining
36:05 Heavy Plow
40:09 Imperial Age
37:07 Pikeman
39:13 Anarchy
39:48 Ballistics
39:24 Fletching
39:52 Murder Holes
40:07 Masonry
40:23 Halberdier
43:12 Elite Huskarl
45:51 Blast Furnace
44:56 Perfusion
45:19 Conscription
45:41 Crop Rotation
48:32 Chemistry
85:48 Onager
BigBoyLevel
10:27 Feudal Age
11:06 Domestication
18:42 Castle Age
20:28 Double-Bit Axe
35:25 Husbandry
35:32 Scale Barding Armor
35:38 Forging
35:53 Bow Saw
39:35 Chain Barding Armor
39:55 Iron Casting
43:01 Imperial Age
41:08 Wheelbarrow
40:21 Loom
44:51 Elite Steppe Lancer
50:54 Elite Liao Dao
56:33 Caravan
57:51 Hand Cart
64:20 Plate Barding Armor
84:44 Heavy Rocket Cart
JJMartin
12:01 Feudal Age
12:42 Loom
14:39 Wheelbarrow
14:18 Double-Bit Axe
21:13 Castle Age
19:41 Forging
19:37 Scale Barding Armor
22:19 Hand Cart
24:26 Bow Saw
27:54 Husbandry
31:17 Chain Barding Armor
31:33 Iron Casting
32:54 Caravan
43:05 Imperial Age
41:15 Gold Mining
41:15 Stone Mining
44:32 Elite Throwing Axeman
45:17 Chivalry
48:58 Capped Ram
51:07 Chemistry
50:29 Ballistics
50:07 Murder Holes
50:49 Conscription
50:10 Cavalier
53:08 Gold Shaft Mining
52:05 Paladin
55:01 Fletching
55:49 Plate Barding Armor
56:15 Blast Furnace
85:01 #83
86:11 Squires
85:32 Pikeman
86:08 Onager
87:08 Bodkin Arrow
90:14 Halberdier
92:35 Scale Mail Armor
u.rubiomartin
3:48 Loom
12:34 Feudal Age
13:39 Fishing Lines
14:02 Double-Bit Axe
15:11 Wheelbarrow
14:23 Horse Collar
14:49 Town Watch
14:59 Gold Mining
15:13 Stone Mining
17:41 Scale Barding Armor
17:47 Forging
22:10 Castle Age
22:31 Bloodlines
23:13 Husbandry
22:34 Light Cavalry
24:32 Gold Shaft Mining
24:33 Stone Shaft Mining
25:00 Hand Cart
24:59 Gillnets
25:21 Medium Warships
26:42 Heavy Plow
26:55 Bow Saw
27:34 Town Patrol
29:34 Chain Barding Armor
35:54 Imperial Age
37:36 Heavy Warships
37:40 Elite Gbeto
39:20 Caravan
44:29 Iron Casting
43:57 Scale Mail Armor
44:34 Plate Barding Armor
50:54 Farimba
50:57 Farimba
56:26 Heavy Camel Rider
59:01 Chemistry
86:02 Demolition Ship
88:34 Guilds
Connection lost

Rejoining the realm…

Still unreachable

The connection could not be restored.

Session expired

The server has moved on; the page needs a fresh start.